 Dungeon Crawl Stone Soup version 0.18-a0-853-gfe32976 (webtiles) character file.

10400 Proton the Grappler (level 11, -3/87 HPs)
             Began as a Vine Stalker Monk on Dec 21, 2015.
             Was a High Priest of Okawaru.
             Slain by a yak (8 damage)
             ... on level 1 of the Lair of Beasts.
             The game lasted 00:26:55 (9833 turns).

Proton the Grappler (Vine Stalker Monk)             Turns: 9833, Time: 00:26:55

Health: -3/87      AC: 25    Str: 20    XL:     11   Next: 61%
Magic:  0/25       EV:  2    Int: 12    God:    Okawaru [*****.]
Gold:   751        SH:  3    Dex: 18    Spells: 0 memorised, 10 levels left

rFire  . . .     SeeInvis .       - Unarmed
rCold  . . .     Gourm    .     (armour currently unavailable)
rNeg   + + +     Faith    .     (no shield)
rPois  +         Spirit   +     (helmet currently unavailable)
rElec  .         Dismiss  .     (cloak currently unavailable)
rCorr  .         Reflect  +     (gloves currently unavailable)
SustAt .         Harm     .     (boots currently unavailable)
MR     ++...     NoTele   +     t - +3 amulet of reflection
Stlth  ++++++....               (no ring)
                                e - ring of magical power

@: tree-form, heroism, very resistant to hostile enchantments, very stealthy
A: (fangs 0), agile 1, clever 1, magic resistance 1, regeneration 2, strong 1,
magic shield, (antimagic bite), no device heal 3, rot immunity, MP-powered wands
a: Heroism, Finesse, Renounce Religion


You were on level 1 of the Lair of Beasts.
You worshipped Okawaru.
Okawaru was extremely pleased with you.
You were not hungry.
You were a tree.
You visited 3 branches of the dungeon, and saw 13 of its levels.
You also visited: Labyrinth, Sewer and Ossuary.

You collected 751 gold pieces.

Inventory:

Armour
 i - a +0 scale mail (melded)
 r - a +1 pair of gloves
 u - the +1 pair of boots of Tuchexor (melded) {Str+3 SInv}
   (You found it on level 4 of the Dungeon)

   It affects your strength (+3).
   It lets you see invisible.
 y - a +0 cloak (melded)
 Q - a +0 pair of gloves of strength
 R - a +0 ring mail of poison resistance
Jewellery
 e - a ring of magical power (left branch)
 t - a +3 amulet of reflection (around neck)
 N - an uncursed ring of flight {unknown}
Wands
 B - a wand of slowing (5/48)
 G - a wand of teleportation (4/9)
 I - a wand of cold (0/15)
 J - a wand of polymorph (13/24)
 O - a wand of polymorph (9/24)
 P - a wand of random effects (25/48)
Scrolls
 a - a scroll of immolation {unknown}
 d - 2 scrolls of random uselessness {unknown}
 g - 2 scrolls of magic mapping
 j - 3 scrolls of teleportation
 k - a scroll of vulnerability {unknown}
 l - 3 scrolls of recharging {unknown}
 m - 5 scrolls of remove curse
 n - 3 scrolls of blinking
 p - a scroll of noise {unknown}
 q - 5 scrolls of fog
 F - 2 scrolls of amnesia {unknown}
 H - 2 scrolls of fear {unknown}
 L - a scroll of silence {unknown}
 M - a scroll of enchant weapon {unknown}
Potions
 c - a potion of brilliance {unknown}
 f - 3 potions of agility {unknown}
 h - a potion of haste
 o - a potion of lignification
 s - a potion of cure mutation
 v - 2 potions of resistance
 w - 2 potions of cancellation
 x - 2 potions of heal wounds
 z - 4 potions of invisibility
 C - a potion of flight
 D - a potion of curing
 K - a potion of might
Comestibles
 b - 12 bread rations
 A - 5 meat rations
 E - 4 fruits


   Skills:
 + Level 7.2(12.2) Fighting
 + Level 6.2(11.2) Armour
 + Level 6.8(11.8) Dodging
 - Level 2.4(7.4) Stealth
 * Level 11.3(16.3) Unarmed Combat
 + Level 6.5 Invocations


You had 10 spell levels left.
You didn't know any spells.

Dungeon Overview and Level Annotations

Branches:
Dungeon (11/15)            Temple (1/1) D:5            Lair (1/8) D:10
    Orc: D:9-12

Altars:
Ashenzari
Cheibriados
Dithmenos
Elyvilon
Fedhas
Gozag
Kikubaaqudgha
Makhleb
Nemelex Xobeh
Okawaru
Pakellas
Qazlal
Ru
Sif Muna
Trog
Vehumet
Xom
Yredelemnul
Zin
The Shining One

Shops:
D:9 }(%

Annotations:
D:11 Gastronok
Lair:1 Harold


Innate Abilities, Weirdness & Mutations

((You have razor-sharp teeth.))
You heal very quickly.
When hurt, damage is shared between your health and your magic reserves.
((Your bite disrupts and absorbs the magic of your enemies.))
Potions and wands cannot restore your health.
You are immune to rotting.
You are agile. (Dex +2)
Your mind is acute. (Int +2)
You are resistant to hostile enchantments.
Your muscles are strong. (Str +2)
You expend magic power (3 MP) to strengthen your wands.


Message History

A yak comes into view.
You hit the black bear.
The black bear is lightly wounded.
The black bear bites you but does no damage.
The black bear claws you but does no damage.
The black bear completely misses you. The yak gores you but does no damage.
You pummel the black bear!!
You kill the black bear!
Okawaru accepts your kill.
You pummel the komodo dragon!!
The komodo dragon is heavily wounded.
The komodo dragon bites you but does no damage.
The yak gores you.
* * * LOW HITPOINT WARNING * * *
You pummel the komodo dragon!!
The komodo dragon is almost dead.
The komodo dragon bites you!
* * * LOW HITPOINT WARNING * * *
The yak gores you!
You die...

,,,,,,,........................,,
,,,,,,,........................,,
*,,,,,,...............,,,,,,,,,,,
,,,,,,,.#.......Y.....,,,,,,,,,,,
,,,,,,,.D.........#,,,,,,,,,,,,,,
,*,**,,,,,,#PP..Y#**,,,,,,,,,,*,,
,*******,,,###...##**,,,,,,,,,*,,
,* **,*,*#.lYY# *,,,,,,,,*,,, ,**
****,##.♣.##***,,,,,,,**, *,*
**,#....# *****,,**** ***
**##.### *,** ### ***


You could see a komodo dragon and 4 yaks.

Vanquished Creatures
  A minotaur (Lab)
  A hydra (Lair:1)
  4 hill giants (D:10)
  Joseph (D:7)
  A kobold demonologist (D:11)
  A komodo dragon (D:10)
  A merfolk (D:9)
  3 two-headed ogres
  Grinder (D:6)
  3 wargs (D:10)
  A soldier ant (D:5)
  2 water moccasins
  A wasp (D:10)
  3 ogres
  A necrophage (D:10)
  4 orc warriors
  2 black bears
  A phantom (D:9)
  2 sky beasts
  A big kobold (D:10)
  An elf zombie (Ossuary)
  7 centaurs
  9 giant frogs
  4 killer bees (D:9)
  A water moccasin zombie (D:8)
  2 scorpions
  3 wights (D:8)
  3 centaur zombies
  3 orc priests
  A giant frog zombie (D:10)
  A wasp zombie (D:10)
  A jelly (D:5)
  3 crimson imps
  3 hounds
  A quasit (D:6)
  A centaur skeleton (D:6)
  2 human zombies (Ossuary)
  3 giant frog skeletons
  3 iguanas
  4 orc wizards
  A big kobold zombie (Ossuary)
  8 worker ants
  A hound zombie (D:7)
  2 hound skeletons
  3 mummies
  3 worker ant zombies
  3 gnolls (D:8)
  15 adders
  8 oozes (Sewer)
  2 adder skeletons
  An adder zombie (D:9)
  2 worms
  13 giant geckos
  28 orcs
  17 giant cockroaches
  5 hobgoblins
  16 jackals
  8 quokkas
  12 ball pythons
  6 bats
  A giant cockroach zombie (D:5)
  2 giant gecko skeletons (D:6)
  16 giant newts
  9 goblins
  2 goblin zombies
  11 hobgoblin zombies (Ossuary)
  2 jackal zombies
  9 kobolds
  9 kobold zombies
  7 orc zombies (Ossuary)
  9 rats
  2 rat zombies (Ossuary)
324 creatures vanquished.

Notes
Turn   | Place    | Note
--------------------------------------------------------------
     0 | D:1      | Proton the Vine Stalker Monk began the quest for the Orb.
     0 | D:1      | Reached XP level 1. HP: 11/11 MP: 2/2
   159 | D:1      | Reached XP level 2. HP: 16/16 MP: 3/3
  1097 | D:2      | Reached XP level 3. HP: 11/19 MP: 4/4
  1204 | D:2      | Reached skill level 1 in Armour
  1659 | D:2      | Reached XP level 4. HP: 18/24 MP: 5/5
  1986 | D:3      | Found a burning altar of Makhleb.
  2773 | D:4      | Got a pair of smoking boots
  2793 | D:4      | Reached skill level 5 in Unarmed Combat
  2806 | D:4      | Identified the +1 pair of boots of Tuchexor {Str+3 SInv} (You found it on level 4 of the Dungeon)
  2814 | D:4      | Found a sand-covered staircase.
  2823 | D:4      | Reached XP level 5. HP: 10/28 MP: 5/6
  2886 | Ossuary  | Entered an ossuary
  3075 | Ossuary  | Gained mutation: You heal very quickly. [Vine Stalker growth]
  3075 | Ossuary  | Reached XP level 6. HP: 21/32 MP: 7/7
  3354 | D:4      | Reached XP level 7. HP: 30/37 MP: 8/8
  3460 | D:4      | Reached skill level 6 in Unarmed Combat
  3705 | D:5      | Entered Level 5 of the Dungeon
  3814 | D:5      | Found a staircase to the Ecumenical Temple.
  3883 | D:5      | Found an iron altar of Okawaru.
  3934 | Temple   | Entered the Ecumenical Temple
  3959 | D:5      | Became a worshipper of Warmaster Okawaru
  3959 | D:5      | Reached * piety under Okawaru
  3959 | D:5      | Reached ** piety under Okawaru
  4124 | D:5      | Found a glowing drain.
  4133 | Sewer    | Entered a sewer
  4231 | Sewer    | Reached skill level 1 in Invocations
  4350 | Sewer    | Gained mutation: You have razor-sharp teeth. [Vine Stalker growth]
  4350 | Sewer    | Reached XP level 8. HP: 39/42 MP: 9/9
  4571 | D:5      | Found a sacrificial altar of Ru.
  4637 | D:5      | Reached skill level 7 in Unarmed Combat
  4641 | D:5      | Gained mutation: You expend magic power (3 MP) to strengthen your wands. [mutagenic meat]
  4642 | D:5      | Gained mutation: You are agile. (Dex +2) [mutagenic meat]
  4761 | D:5      | Found a blossoming altar of Fedhas.
  4797 | D:6      | Noticed Grinder
  4811 | D:6      | Killed Grinder
  5006 | D:6      | Reached skill level 5 in Fighting
  5036 | D:6      | Reached *** piety under Okawaru
  5055 | D:6      | Reached XP level 9. HP: 26/47 MP: 12/12
  5217 | D:6      | Reached skill level 8 in Unarmed Combat
  5662 | D:7      | Found a radiant altar of Vehumet.
  5733 | D:7      | Reached skill level 5 in Dodging
  5831 | D:7      | Noticed Joseph
  6005 | D:8      | Reached **** piety under Okawaru
  6115 | D:8      | Reached skill level 9 in Unarmed Combat
  6271 | D:8      | Found a shimmering altar of Xom.
  6271 | D:8      | Found a shimmering altar of Xom.
  6272 | D:8      | Found a shimmering altar of Xom.
  6305 | D:8      | Reached XP level 10. HP: 53/53 MP: 14/14
  6803 | D:7      | Killed Joseph
  6803 | D:7      | Reached ***** piety under Okawaru
  7137 | D:9      | Reached skill level 5 in Armour
  7382 | D:9      | Reached skill level 5 in Invocations
  7500 | D:9      | Found Apnuuhak's Food Emporium.
  7604 | D:9      | Found Wiptum's Weapon Emporium.
  7713 | D:9      | Reached skill level 10 in Unarmed Combat
  7782 | D:9      | Found Zeuph's Gadget Boutique.
  8112 | D:10     | Entered Level 10 of the Dungeon
  8270 | D:10     | Gained mutation: Your mind is acute. (Int +2) [potion of mutation]
  8270 | D:10     | Gained mutation: You are resistant to hostile enchantments. [potion of mutation]
  8270 | D:10     | Gained mutation: Your muscles are strong. (Str +2) [potion of mutation]
  8344 | D:10     | Noticed a hill giant
  8513 | D:10     | Killed a hill giant
  8624 | D:10     | Noticed a hill giant
  8635 | D:10     | Killed a hill giant
  8635 | D:10     | Reached XP level 11. HP: 42/58 MP: 16/16
  8695 | D:10     | Found a staircase to the Lair.
  8808 | D:10     | Noticed a hill giant
  8815 | D:10     | Killed a hill giant
  9095 | D:10     | Noticed a hill giant
  9103 | D:10     | Killed a hill giant
  9103 | D:10     | Reached skill level 11 in Unarmed Combat
  9149 | D:11     | Noticed Gastronok
  9321 | Lair:1   | Entered Level 1 of the Lair of Beasts
  9321 | Lair:1   | Noticed a four-headed hydra
  9347 | Lair:1   | Found a labyrinth entrance.
  9351 | Lair:1   | Noticed Harold
  9364 | Lab      | Entered a labyrinth
  9596 | Lab      | Noticed a minotaur
  9703 | Lab      | Killed a minotaur
  9825 | Lair:1   | Killed a four-headed hydra
  9825 | Lair:1   | Received a gift from Okawaru
  9833 | Lair:1   | Slain by a yak

Vault maps used:
D:1:      lordsloth_arrival_two_stooges
D:3:      nicolae_overflow_hidden_temple
D:4:      nicolae_ossuary_entry_giza, minmay_ruptured
D:5:      fedhas_altar_fruit_tree, nicolae_ru_awakened_eye,
          minmay_temple_entry_overgrown, gup_sewer_entry_bubbles, first_bread,
          kennysheep_okawaru_gauntlet
D:6:      uniq_grinder
D:7:      basic_altar, uniq_joseph
D:8:      xom_shifter_show
D:9:      serial_shops, shop, kennysheep_mini_moat, shop_coins,
          hangedman_fish_farm
D:10:     kennysheep_six_static_rooms, erik_lair_orcish_takeover
D:11:     zombieorc2_lemuel, serial_shops, shop, serial_bayou_ford_a,
          uniq_gastronok
Temple:   nicolae_temple_no_exploring_needed
Lair:1:   lab_entry_generic, infiniplex_staircase_pool, grunt_megastairs_4,
          uniq_harold
Lab:      labyrinth_hidden_loot
Sewer:    sewer_frog_island_02
Ossuary:  ossuary_tomb_1

Action                   |  1- 3 |  4- 6 |  7- 9 | 10-12 || total
-------------------------+-------+-------+-------+-------++-------
Melee: Unarmed           |   104 |   253 |   459 |   263 ||  1079
Invok: Heroism           |       |       |       |     9 ||     9
Evoke: Wand              |       |       |     2 |    18 ||    20
  Use: Scroll            |       |       |     8 |    10 ||    18
       Potion            |       |       |       |     2 ||     2
 Stab: Sleeping          |     3 |       |       |       ||     3
  Eat: Chunk             |     1 |     4 |    11 |     9 ||    25
       Beef jerky        |       |     2 |       |       ||     2
       Pizza             |       |       |       |     1 ||     1
       Meat ration       |       |       |       |     1 ||     1
